cohdb
Replays
Latest Replays
All Replays
Popular Replays
Top Player Replays
Match Explorer
How It Works
Community
CoH3 Stats
Reddit
Sign in to upload your games and track your stats! →
Sign in with Steam
Match 43449066
Unlisted
Match 43449066
Overview
Messages
Build Orders
End
Vickers Machine Gun Team
Construct Section Command Post
Infantry Section
Infantry Section
Infantry Section
Construct Platoon Command Post
Grenade Package
Infantry Section
Unlock M3 Stuart Light Tanks
M3 Stuart Light Tank
Selects Heavy Armor Battlegroup
Selects Rigorous Vehicle Training
Selects Forward Repair Assembly
Selects UNKNOWN (2162094)
Construct Company Command Post
6-pounder Anti-tank Gun Team
Infantry Section
Royal Engineer Section
Churchill IV Heavy Tank
Selects Light Vehicle Withdraw and Refit
Selects Radio Net
Selects Recon Artillery
6-pounder Anti-tank Gun Team
Royal Engineer Section
Churchill IV Heavy Tank
Recon Artillery
Skullclown
OceanGrown
Jopjahh
Manfred Von Blubberhofen
0
0
Comments
sign in to comment!
No comments posted yet!